 Dungeon Crawl Stone Soup version 0.28.0-45-g0d030f2227 (webtiles) character file.

Game seed: 5124657312027700750

13 MisterFreud the Charlatan (level 2, 0/25 HPs)
             Began as a Draconian Artificer on Mar 31, 2022.
             Succumbed to an adder's poison
             ... on level 2 of the Dungeon.
             The game lasted 00:01:53 (1174 turns).

MisterFreud the Charlatan (Draconian Artificer)     Turns: 1174, Time: 00:01:54

Health: 0/25       AC:  5    Str: 14    XL:     2   Next: 24%
Magic:  2/2        EV: 12    Int: 11    God:
Gold:   86         SH:  5    Dex: 11    Spells: 1/1 levels left

rFire   . . .      SeeInvis .   k - +1 dagger (speed)
rCold   . . .      Faith    .   (no shield)
rNeg    . . .      Spirit   .   (armour unavailable)
rPois   .          Reflect  +   (helmet restricted)
rElec   .          Harm     .   j - +0 cloak
rCorr   .          Rampage  .   (no gloves)
Will    .....                   (no boots)
Stlth   +.........              i - amulet of reflection
HPRegen 0.08/turn               (no ring)
MPRegen 0.08/turn               (no ring)

@: lethally poisoned (0 -> -3), about to teleport
A: AC +4, unfitting armour, cold-blooded
a: no special abilities


You were on level 2 of the Dungeon.
You visited 1 branch of the dungeon, and saw 2 of its levels.

You collected 86 gold pieces.

Inventory:

Hand Weapons
 a - a +0 club
 g - a +0 hand axe
 k - a +1 dagger of speed (weapon)
Armour
 j - a +0 cloak (worn)
Jewellery
 i - an amulet of reflection (around neck)
Wands
 b - a wand of flame (11) (quivered)
 c - a wand of charming (15)
Scrolls
 f - a scroll of identify {unknown}
 h - a scroll of fear {unknown}
Miscellaneous
 d - a piece from Xom's chessboard (12/15)


   Skills:
 + Level 2.6 Fighting
 - Level 2.1 Dodging
 - Level 0.8 Stealth
 - Level 3.0 Evocations


You had one spell level left.
You didn't know any spells.
Your spell library was empty.

Dungeon Overview and Level Annotations

Branches:
Dungeon (2/15)

Altars:

Shops:
D:2 [


Innate Abilities, Weirdness & Mutations

Your plain brown scales are hard. (AC +4)
You cannot fit into any form of body armour.
You are cold-blooded and may be slowed by cold attacks.


Message History

The adder is almost dead.
You feel sick. The adder barely misses you. The adder bites you.
* * * LOW HITPOINT WARNING * * *
Unknown command.
You barely miss the adder.
The adder is almost dead.
You feel sick.
You closely miss the adder.
The adder is almost dead.
The adder misses you.
You closely miss the adder.
The adder is almost dead.
You feel sick. The adder bites you.
* * * LOW HITPOINT WARNING * * *
You are lethally poisoned!
The adder poisons you!
There is a lethal amount of poison in your body!
Aiming: Throw Flame
Press: ? - help, Shift-Dir - straight line, f/p - adder
Aim: an adder (almost dead, fast, slow, misshapen and mutated, 53% to hit)
The puff of flame misses the adder.
* * * LOW HITPOINT WARNING * * *
You feel sick. The adder barely misses you. x2
Unknown command.
Aiming: Throw Flame
Press: ? - help, Shift-Dir - straight line, f/p - adder
Aim: an adder (almost dead, fast, slow, misshapen and mutated, 53% to hit)
The puff of flame misses the adder.
* * * LOW HITPOINT WARNING * * *
You feel sick. The adder bites you but does no damage.
Aiming: Throw Flame
Press: ? - help, Shift-Dir - straight line, f/p - adder
Aim: an adder (almost dead, fast, slow, misshapen and mutated, 53% to hit)
The puff of flame misses the adder.
* * * LOW HITPOINT WARNING * * *
You feel sick. The adder bites you but does no damage.
You aren't carrying any potions.
As you read the scroll labelled QAZXOM WYSSAL, it crumbles to dust.
You feel strangely unstable.
It was a scroll of teleportation.
You die...

.....[..........
........#.......
........#......#
..........#....#
..............## ####
#.........#..>.# ...# .
#.....#...#....##...#...
#........##............#
#.....[.........@S.....#
#......................#
........#..............#
....#####..............#
........................
....)...................
#.......................
#.......................
#..........


You could see an adder (fast, slow, misshapen).

Vanquished Creatures
  A bat (D:1)
  2 goblins (D:2)
  3 hobgoblins
  A kobold (D:2)
  A quokka (D:1)
  A ball python (D:2)
  A frilled lizard (D:2)
  2 rats
12 creatures vanquished.

Notes
Turn   | Place    | Note
-------+----------+-------------------------------------------
     0 | D:1      | MisterFreud the Draconian Artificer began the quest for the
                  | Orb.
     0 | D:1      | Reached XP level 1. HP: 16/16 MP: 1/1
   925 | D:2      | Reached XP level 2. HP: 24/25 MP: 2/2
  1073 | D:2      | Found Domuo's Antique Armour Emporium.
  1173 | D:2      | HP: 1/25 [poisoned by an adder]
  1174 | D:2      | Succumbed to an adder's poison

Illustrated notes

Levels and vault maps discovered:
D:1:      ncdulo_watergridlock, layout_basic
D:2:      layout_basic, serial_shops, nicolae_shop_overgrown_old_shop,
          basic_altar

Skill      XL: |  1 |
---------------+----+-----
Fighting       | 2 |  2.6
Dodging        | |  2.1
Stealth        | |  0.8
Evocations     | |  3.0

Action                   || total
-------------------------++-------
Melee: Club              ||    29
       Dagger            ||    31
       Tailslap          ||     4
       Punch             ||     1
Evoke: Wand              ||     4
       Piece from Xom's  ||     3
  Use: Scroll            ||     1
Armor: Skin              ||    13
Dodge: Dodged            ||    28
Block: Other             ||     6
